 Dungeon Crawl Stone Soup version 0.29-a0-563-g64e4043184 (webtiles) character file.

Game seed: 11683223125498210736

811 vulpzor the Carver (level 7, -2/56 HPs)
             Began as a Gnoll Wanderer on June 11, 2022.
             Was a Believer of Fedhas.
             Slain by a gargoyle
             ... wielding a +0 flail
              (9 damage)
             ... on level 5 of the Dungeon.
             The game lasted 00:14:10 (3889 turns).

vulpzor the Carver (Gnoll Wanderer)                 Turns: 3889, Time: 00:14:10

Health: -2/56      AC: 13    Str: 14    XL:     7   Next: 93%
Magic:  8/11       EV: 11    Int:  9    God:    Fedhas [**....]
Gold:   42         SH:  0    Dex: 17    Spells: 10/11 levels left

rFire   . . .      SeeInvis .   t - +4 quarterstaff (chaos)
rCold   + . .      Faith    .   (shield currently unavailable)
rNeg    . . .      Spirit   .   q - +2 scale mail {rC+}
rPois   .          Reflect  .   (no helmet)
rElec   .          Harm     .   y - +2 cloak of Prudence {Dex+4}
rCorr   +          Rampage  .   e - +0 pair of gloves
Will    .....                   (no boots)
Stlth   +.........              (no amulet)
HPRegen 0.18/turn               r - +4 ring of slaying
MPRegen 0.12/turn               x - ring of resist corrosion

@: no status effects
A: fangs 1, strong nose, distributed training
a: Renounce Religion, Wall of Briars


You were on level 5 of the Dungeon.
You worshipped Fedhas.
Fedhas was pleased with you.
You visited 1 branch of the dungeon, and saw 5 of its levels.

You collected 182 gold pieces.
You spent 140 gold pieces at shops.

Inventory:

Hand Weapons
 a - a +2 falchion
 b - a +0 short sword
 n - a +1 vampiric short sword
 t - a +4 quarterstaff of chaos (weapon)
Missiles
 A - a throwing net (quivered)
Armour
 c - a +0 ring mail
 e - a +0 pair of gloves (worn)
 q - a +2 scale mail of cold resistance (worn)
 u - a +0 cloak
 y - the +2 cloak of Prudence (worn) {Dex+4}
   (You found it on level 4 of the Dungeon)

   Dex:       It affects your dexterity (+4).
Jewellery
 r - a +4 ring of slaying (left hand)
 x - a ring of resist corrosion (right hand)
Scrolls
 f - a scroll of enchant weapon
 h - 4 scrolls of identify
 i - a scroll of enchant armour {unknown}
 j - 4 scrolls of teleportation {unknown}
 s - a scroll of brand weapon {unknown}
 v - a scroll of acquirement {unknown}
 w - a scroll of amnesia {unknown}
Potions
 g - a potion of degeneration {unknown}
 k - a potion of curing
 l - a potion of heal wounds {unknown}
 m - a potion of brilliance {unknown}
 o - a potion of haste {unknown}
 p - a potion of mutation {unknown}
 z - a potion of attraction {unknown}
 B - a potion of flight {unknown}


   Skills:
 + Level 5.4 Fighting
 + Level 3.8 Short Blades
 + Level 9.0 Long Blades
 + Level 2.8 Axes
 + Level 2.8 Maces & Flails
 + Level 2.8 Polearms
 + Level 2.8 Staves
 + Level 2.8 Slings
 + Level 2.8 Bows
 + Level 2.8 Crossbows
 + Level 2.8 Throwing
 + Level 5.4 Armour
 + Level 3.8 Dodging
 + Level 2.8 Stealth
 + Level 2.8 Shields
 + Level 2.8 Unarmed Combat
 + Level 2.8 Spellcasting
 + Level 2.2 Conjurations
 + Level 2.2 Hexes
 + Level 2.2 Summonings
 + Level 2.2 Necromancy
 + Level 2.2 Translocations
 + Level 2.2 Transmutations
 + Level 2.2 Fire Magic
 + Level 2.2 Ice Magic
 + Level 2.2 Air Magic
 + Level 2.2 Earth Magic
 + Level 2.2 Poison Magic
 + Level 3.1 Invocations
 + Level 2.8 Evocations


You had 10 spell levels left.
You knew the following spells:

 Your Spells              Type           Power      Damage    Failure   Level
a - Slow                  Hex            20%        N/A       43%         1

Your spell library contained the following spells:

 Spells                   Type           Power      Damage    Failure   Level
 Sublimation of Blood     Necr           5%         N/A       56%         2
 Wereblood                Tmut           5%         N/A       56%         2
 Confusing Touch          Hex            5%         N/A       80%         3
 Vampiric Draining        Necr           5%         2d6       80%         3
 Summon Hydra             Summ           2%         N/A       100%        7


Dungeon Overview and Level Annotations

Branches:
Dungeon (5/15)
 Temple: D:4-7

Altars:
Fedhas

Shops:
D:3 *=[


Innate Abilities, Weirdness & Mutations

You have very sharp teeth.
Your uncanny sense of smell can sniff out nearby items.
Your experience applies equally to all skills.


Message History

You hit the gargoyle.
The gargoyle resists with almost no effort.
The gargoyle is severely damaged.
The gargoyle hits you with a +0 flail.
* * * LOW HITPOINT WARNING * * *
The gargoyle closely misses you.
Blink to where?
Press: ? - help, Dir - move target
As you read the scroll of blinking, it crumbles to dust.
You climb upwards.
There is a stone staircase leading down here.
You start resting.
HP restored.
You climb downwards.
There is a stone staircase leading up here.
There is a stone staircase leading up here.
The gargoyle barely misses you.
You hit the gargoyle but do no damage. The gargoyle barely misses you.
You hit the gargoyle but do no damage.
The gargoyle resists with almost no effort.
The gargoyle hits you with a +0 flail!
You hit the gargoyle but do no damage.
You bite the gargoyle, but do no damage.
The gargoyle hits you with a +0 flail! x2
You hit the gargoyle but do no damage. The gargoyle closely misses you.
You barely miss the gargoyle.
You bite the gargoyle, but do no damage.
The gargoyle hits you with a +0 flail!
* * * LOW HITPOINT WARNING * * *
You hit the gargoyle but do no damage.
The gargoyle seems to speed up.
The gargoyle barely misses you.
The gargoyle hurls a stone arrow at you.
The stone arrow misses you.
Casting: Slow (safe; 43% risk of failure)
Confirm with . or Enter, or press ? or * to list all spells.
Okay, then.
A briar patch grows up from the ground. x7
The gargoyle hits you with a +0 flail!
You die...
Fedhas appreciates your contribution to the ecosystem.

#..# #...# .### #..#
#...##.#.## ###..#
#...#..#..### .....#
#...#........
###..#########...#...#.#.#.
.......9.....'...#..........
.##)##########....([.#.#.#..
.##.# #.P9P.#........ ....#
#.P@P...#.#.... ....#
##PPP.#........ ....#
##<....#...... ....#
#.#........... ....#
#.###......#.#.#(# ....#
#.......#[)....... ....#
#.###.#.#).#.#.#.# .#...
##.....[....... ...>.
.........[.#.#..##


You could see a gargoyle (fast, ally target).

Vanquished Creatures
  Grinder (D:4)
  Eustachio (D:4)
  An ice beast (D:5)
  2 scorpions
  A howler monkey (D:4)
  A hound (D:4)
  An orc priest (D:5)
  Crazy Yiuf (D:3)
  An iguana (D:4)
  5 adders
  An ufetubus (D:5)
  2 dart slugs
  5 orcs
  4 ball pythons
  6 bats
  5 endoplasms
  4 giant cockroaches
  6 goblins
  8 hobgoblins
  3 jackals (D:4)
  4 kobolds
  4 quokkas
  9 frilled lizards
  2 rats
78 creatures vanquished.

Notes
Turn   | Place    | Note
-------+----------+-------------------------------------------
     0 | D:1      | vulpzor the Gnoll Wanderer began the quest for the Orb.
     0 | D:1      | vulpzor set off with the following items: a +2 falchion, a
                  | +0 short sword, a +0 ring mail, a scroll of blinking
     0 | D:1      | Reached XP level 1. HP: 20/20 MP: 1/1
   158 | D:1      | Reached XP level 2. HP: 26/26 MP: 2/2
   600 | D:1      | Reached XP level 3. HP: 31/31 MP: 3/3
  1129 | D:3      | Found a faded altar of an unknown god.
  1140 | D:3      | Reached skill level 1 in Invocations
  1144 | D:3      | Prayed at the altar of an unknown god.
  1144 | D:3      | Became a worshipper of Fedhas Madash
  1144 | D:3      | Reached * piety under Fedhas
  1170 | D:3      | Found Epruotul's Jewellery Shoppe.
  1222 | D:3      | Found Nack's General Store.
  1521 | D:3      | Reached skill level 1 in Axes
  1521 | D:3      | Reached skill level 1 in Maces & Flails
  1521 | D:3      | Reached skill level 1 in Polearms
  1521 | D:3      | Reached skill level 1 in Staves
  1521 | D:3      | Reached skill level 1 in Slings
  1521 | D:3      | Reached skill level 1 in Bows
  1521 | D:3      | Reached skill level 1 in Crossbows
  1521 | D:3      | Reached skill level 1 in Throwing
  1521 | D:3      | Reached skill level 1 in Stealth
  1521 | D:3      | Reached skill level 1 in Shields
  1521 | D:3      | Reached skill level 1 in Unarmed Combat
  1521 | D:3      | Reached skill level 1 in Spellcasting
  1521 | D:3      | Reached skill level 1 in Evocations
  1537 | D:3      | Reached XP level 4. HP: 28/38 MP: 5/5
  1635 | D:3      | Found Maleuh's Antique Armour Boutique.
  1647 | D:3      | Bought a shiny scale mail for 140 gold pieces
  1818 | D:3      | Found a runed translucent door.
  1819 | D:3      | Noticed Crazy Yiuf
  1829 | D:3      | Killed Crazy Yiuf
  1830 | D:3      | Reached skill level 1 in Conjurations
  1830 | D:3      | Reached skill level 1 in Hexes
  1830 | D:3      | Reached skill level 1 in Summonings
  1830 | D:3      | Reached skill level 1 in Necromancy
  1830 | D:3      | Reached skill level 1 in Translocations
  1830 | D:3      | Reached skill level 1 in Transmutations
  1830 | D:3      | Reached skill level 1 in Fire Magic
  1830 | D:3      | Reached skill level 1 in Ice Magic
  1830 | D:3      | Reached skill level 1 in Air Magic
  1830 | D:3      | Reached skill level 1 in Earth Magic
  1830 | D:3      | Reached skill level 1 in Poison Magic
  2375 | D:4      | Noticed a scorpion
  2382 | D:4      | Killed a scorpion
  2383 | D:4      | Reached XP level 5. HP: 29/43 MP: 5/7
  2514 | D:4      | Learned a level 1 spell: Slow
  2599 | D:4      | Identified the +2 cloak of Prudence {Dex+4}
  2759 | D:4      | Reached XP level 6. HP: 47/50 MP: 8/8
  2767 | D:4      | Reached ** piety under Fedhas
  2772 | D:4      | Noticed Grinder
  2784 | D:4      | Killed Grinder
  2785 | D:4      | Reached skill level 5 in Fighting
  2785 | D:4      | Reached skill level 5 in Armour
  2785 | D:4      | Reached XP level 7. HP: 49/56 MP: 8/10
  2966 | D:4      | Noticed Eustachio
  2970 | D:4      | Killed Eustachio
  3272 | D:5      | Entered Level 5 of the Dungeon
  3291 | D:5      | Reached skill level 9 in Long Blades
  3323 | D:5      | Noticed a gargoyle
  3889 | D:5      | Slain by a gargoyle

Illustrated notes

Levels and vault maps discovered:
D:1:      minmay_arrival_hallway, layout_basic, st_stairs_1
D:2:      layout_basic
D:3:      layout_basic, serial_shops, shop, shop, shop_coins,
          hellmonk_ecumenical_altar_blasted, corexii_shack,
          uniq_crazy_yiuf_cottage
D:4:      layout_loops_ring, uniq_eustachio, uniq_grinder
D:5:      layout_basic, temple_hall, serial_shops, nicolae_diamond_shop,
          hangedman_decor_riveting, minmay_misc_feat_roman

Skill      XL: |  1  2  3  4  5  6  7 |
---------------+----------------------+-----
Invocations    | 1 2 3 |  3.1
Axes           | 1 2 |  2.8
Maces & Flails | 1 2 |  2.8
Polearms       | 1 2 |  2.8
Staves         | 1 2 |  2.8
Slings         | 1 2 |  2.8
Bows           | 1 2 |  2.8
Crossbows      | 1 2 |  2.8
Throwing       | 1 2 |  2.8
Stealth        | 1 2 |  2.8
Shields        | 1 2 |  2.8
Unarmed Combat | 1 2 |  2.8
Spellcasting   | 1 2 |  2.8
Evocations     | 1 2 |  2.8
Conjurations   | 1 2 |  2.2
Hexes          | 1 2 |  2.2
Summonings     | 1 2 |  2.2
Necromancy     | 1 2 |  2.2
Translocations | 1 2 |  2.2
Transmutations | 1 2 |  2.2
Fire Magic     | 1 2 |  2.2
Ice Magic      | 1 2 |  2.2
Air Magic      | 1 2 |  2.2
Earth Magic    | 1 2 |  2.2
Poison Magic   | 1 2 |  2.2
Short Blades   | 3 |  3.8
Dodging        | 3 |  3.8
Fighting       | 5 |  5.4
Armour         | 5 |  5.4
Long Blades    | 9 |  9.0

Action                   |  1- 3 |  4- 6 |  7- 9 || total
-------------------------+-------+-------+-------++-------
Melee: Falchion          |   113 |    27 |       ||   140
       Bite              |     8 |     5 |     7 ||    20
       Punch             |     2 |     1 |       ||     3
       Quarterstaff      |       |    37 |    48 ||    85
Invok: Wall of Briars    |       |       |     1 ||     1
  Use: Scroll            |     1 |       |     2 ||     3
       Potion            |       |       |     1 ||     1
Armor: Ring mail         |    51 |       |       ||    51
       Scale mail        |       |    23 |    20 ||    43
Dodge: Dodged            |    53 |    24 |    28 ||   105

Table legend: (Time is in decaauts)
 A = Elapsed time spent in this place.
 B = Non-inter-level travel time spent in this place.
 C = Inter-level travel time spent in this place.
 D = Time resting spent in this place.
 E = Time spent auto-exploring this place.
 F = Levels seen in this place.
 G = Mean time per level.
                   A        B        C        D        E       F      G
               +--------+--------+--------+--------+--------+-----+--------+
         Total |   3890 |   3890 |      0 |    503 |   2517 |   5 |  778.0 |
       Dungeon |   3890 |   3890 |      0 |    503 |   2517 |   5 |  778.0 |
               +--------+--------+--------+--------+--------+-----+--------+

Top non-repeatable levels by time:
     D:4: 1502 daAuts
     D:3: 1195 daAuts
     D:1: 882 daAuts
     D:2: 194 daAuts
     D:5: 116 daAuts
